 Dungeon Crawl Stone Soup version 0.31.0-12-g77e489cdc1 (webtiles) character file.

Game seed: 17198714491097321607

196 Tovical the Gusty (level 5, -4/32 HPs)
             Began as a Tengu Air Elementalist on Mar 7, 2024.
             Slain by an ice beast (14 damage)
             ... on level 5 of the Dungeon.
             The game lasted 00:13:23 (3608 turns).

Tovical the Gusty (Tengu Air Elementalist)          Turns: 3608, Time: 00:13:24

Health: -4/32      AC:  2    Str:  8    XL:     5   Next: 74%
Magic:  4/11       EV: 12    Int: 18    God:
Gold:   236        SH:  0    Dex: 14    Spells: 9/10 levels left

rFire   + . .        a - +0 dagger
rCold   . . .        (no shield)
rNeg    . . .        f - +0 robe
rPois   +            (helmet restricted)
rElec   .            (no cloak)
rCorr   .            (no gloves)
SInv    .            (boots unavailable)
Will    .....        p - amulet of faith
Stlth   ++           (no ring)
HPRegen 0.25/turn    (no ring)
MPRegen 0.12/turn

%: acrobat, faith
@: no status effects
A: beak, talons 3, acrobatic, fire resistance 1, poison resistance, sturdy frame
1
a: no special abilities


You were on level 5 of the Dungeon.
You visited 1 branch of the dungeon, and saw 5 of its levels.

You collected 236 gold pieces.

Inventory:

Hand Weapons
 a - a +0 dagger (weapon)
 b - a +1 dagger of freezing
Missiles
 m - 4 curare-tipped darts
Armour
 f - a +0 robe (worn)
Jewellery
 j - an amulet of magic regeneration
 p - an amulet of faith (around neck)
Wands
 e - a wand of polymorph (7)
Scrolls
 n - a scroll of acquirement {unknown}
Potions
 c - a potion of might
 d - a potion of mutation
 g - a potion of curing {unknown}
 h - 2 potions of ambrosia
 i - a potion of brilliance
 k - a potion of magic
 l - a potion of cancellation {unknown}
 o - a potion of enlightenment {unknown}


   Skills:
 + Level 2.9 Fighting
 - Level 2.1 Dodging
 - Level 2.0 Stealth
 + Level 3.4 Spellcasting
 - Level 1.3 Conjurations
 + Level 5.7 Air Magic


You had 9 spell levels left.
You knew the following spells:

 Your Spells              Type           Power      Damage    Failure   Level
a - Shock                 Conj/Air       60%        1d6       3%          1

Your spell library contained the following spells:

 Spells                   Type           Power      Damage    Failure   Level
 Swiftness                Air            23%        N/A       4%          3
 Static Discharge         Conj/Air       30%        3-5/arc   5%          2
 Airstrike                Air            11%        2d(2-18)  16%         4
 Tukima's Dance           Hex            3%         N/A       43%         3
 Passage of Golubria      Tloc           3%         N/A       83%         4
 Yara's Violent Unravell  Hex/Alch       1%         3d3       99%         5


Dungeon Overview and Level Annotations

Branches:
Dungeon (5/15)
 Temple: D:4-7

Altars:
Okawaru
Yredelemnul

Annotations:
D:4 Sigmund


Innate Abilities, Weirdness & Mutations

You have a beak for a mouth.
You have claws for feet.
You can magically evade attacks while moving or waiting.
Your flesh is heat resistant. (rF+)
Your system is resistant to poisons. (rPois)
Your movements are slightly less encumbered by armour. (ER -2)


Message History

Aiming: Shock (safe; 3% risk of failure)
Press: ? - help, Q - select action, (/) - cycle Shift-Dir - straight line, p - ice beast The zap hits the ice beast.
The ice beast is heavily wounded.
The zap hits the ice beast but does no damage.
The ice beast is heavily wounded.
Aiming: Shock (safe; 3% risk of failure)
Press: ? - help, Q - select action, (/) - cycle Shift-Dir - straight line The zap hits the ice beast but does no damage.
The ice beast is heavily wounded.
The zap hits the ice beast.
The ice beast is heavily wounded.
The ice beast hits you. The ice beast freezes you!
Aiming: Shock (safe; 3% risk of failure)
Press: ? - help, Q - select action, (/) - cycle Shift-Dir - straight line The zap hits the ice beast.
The ice beast is severely wounded.
The zap hits the ice beast.
The ice beast is severely wounded.
The ice beast barely misses you.
Aiming: Shock (safe; 3% risk of failure)
Press: ? - help, Q - select action, (/) - cycle Shift-Dir - straight line The zap hits the ice beast.
The ice beast is severely wounded.
The zap hits the ice beast.
The ice beast is almost dead.
The ice beast hits you. The ice beast freezes you!
Aiming: Shock (safe; 3% risk of failure)
Press: ? - help, Q - select action, (/) - cycle Shift-Dir - straight line The zap misses the ice beast.
The zap hits the ice beast.
The ice beast is almost dead.
The ice beast barely misses you.
Unknown command.
Aiming: Shock (safe; 3% risk of failure)
Press: ? - help, Q - select action, (/) - cycle Shift-Dir - straight line The zap misses the ice beast.
The zap hits the ice beast but does no damage.
The ice beast is almost dead.
The ice beast hits you. The ice beast freezes you!
You die...

##.....## ##
##..Y## ##'##
#.#
#########.#####
#.......Y.....#
#.###.##...##.#
#Y#.<...#
#@##...##
........###.##
###.##### #.#
#.# #.# ..# ##


You could see an ice beast.

Vanquished Creatures
  An orc wizard (D:3)
  4 gnolls
  5 adders
  2 ufetubi (D:5)
  An adder skeleton (D:2)
  2 dart slugs
  3 ribbon worms (D:2)
  5 orcs (D:3)
  7 ball pythons
  A bat skeleton (D:2)
  An endoplasm (D:1)
  A giant cockroach (D:1)
  3 goblins
  2 hobgoblins
  6 jackals (D:1)
  5 kobolds
  2 quokkas
  4 bats
  3 frilled lizards
  2 giant cockroach zombies (D:2)
  3 rats
63 creatures vanquished.

Notes
Turn   | Place    | Note
-------+----------+-------------------------------------------
     0 | D:1      | Tovical the Tengu Air Elementalist began the quest for the
                  | Orb.
     0 | D:1      | Reached XP level 1. HP: 10/10 MP: 4/4
   188 | D:1      | Reached XP level 2. HP: 16/16 MP: 1/6
   465 | D:2      | Found an iron altar of Okawaru.
   478 | D:1      | Reached skill level 1 in Fighting
   917 | D:1      | Found a faded altar of an unknown god.
   988 | D:1      | Reached XP level 3. HP: 16/20 MP: 2/7
  1724 | D:2      | Reached XP level 4. HP: 22/26 MP: 3/9
  2048 | D:2      | Reached skill level 5 in Air Magic
  2594 | D:3      | Gained mutation: Your flesh is heat resistant. (rF+)
                  | [potion of mutation]
  2594 | D:3      | Gained mutation: Your movements are slightly less
                  | encumbered by armour. (ER -2) [potion of mutation]
  2594 | D:3      | Gained mutation: Your system is resistant to poisons.
                  | (rPois) [potion of mutation]
  2700 | D:3      | Found a basalt altar of Yredelemnul.
  2705 | D:3      | Reached XP level 5. HP: 31/31 MP: 5/10
  2940 | D:4      | Noticed Sigmund
  3430 | D:5      | Entered Level 5 of the Dungeon
  3580 | D:5      | Noticed an ice beast
  3608 | D:5      | Slain by an ice beast

Illustrated notes

Levels and vault maps discovered:
D:1:      mainiacjoe_arrival_reflecting_pool, layout_basic,
          hellmonk_ecumenical_altar_inner_sanctum, amcnicky_mini_pool_small,
          minmay_splitting_lines
D:2:      layout_basic, serial_undead, serial_undead_f, serial_undead_e,
          serial_undead_a, serial_undead_e, basic_altar
D:3:      layout_basic, lemuel_tele_altar
D:4:      layout_loops_corners, mainiacjoe_overflow_catwalk, grunt_ministairs_6,
          uniq_sigmund
D:5:      layout_loops_corners, eat_drink_and_be_merry_uskayaw,
          fedhas_ov_isle_minmay, mainiacjoe_overflow_six_doors_small

Skill      XL: |  1  2  3  4 |
---------------+-------------+-----
Fighting       | 1 2 |  2.9
Air Magic      | 5 |  5.7
Spellcasting   | 3 |  3.4
Dodging        | |  2.1
Stealth        | |  2.0
Conjurations   | |  1.3

Action                     |  1- 3 |  4- 6 || total
---------------------------+-------+-------++-------
  Melee: Unarmed           |     2 |       ||     2
         Kick              |     5 |    14 ||    19
         Dagger            |    24 |    62 ||    86
         Peck              |     4 |    14 ||    18
   Cast: Shock             |    41 |    52 ||    93
    Use: Scroll            |     2 |       ||     2
         Potion            |       |     5 ||     5
   Stab: Sleeping          |     3 |     3 ||     6
 Armour: Robe              |    13 |    55 ||    68
  Dodge: Dodged            |    49 |    96 ||   145
